 Dungeon Crawl Stone Soup version 0.20-a0-823-gdec668e (webtiles) character file.

112 Aksej the Sneak (level 4, -3/29 HPs)
             Began as an Octopode Assassin on Mar 5, 2017.
             Slain by an orc (5 damage)
             ... on level 2 of the Dungeon.
             The game lasted 00:03:23 (2148 turns).

Aksej the Sneak (Octopode Assassin)                 Turns: 2148, Time: 00:03:24

Health: -3/29      AC:  1    Str: 10    XL:     4   Next: 93%
Magic:  4/4        EV: 13    Int: 13    God:
Gold:   78         SH:  0    Dex: 14    Spells: 3/3 levels left

rFire    . . .     SeeInvis .   a - +2 dagger
rCold    + . .     Gourm    .   (no shield)
rNeg     . . .     Faith    .   (helmet restricted)
rPois    .         Spirit   .   (no amulet)
rElec    .         Reflect  .   l - ring of protection from cold
rCorr    .         Harm     .   (no ring)
MR       .....                  (no ring)
Stlth    ++++......             (no ring)
Regen    0.1/turn               (no ring)
MPRegen  0.1/turn               (no ring)
                                (no ring)
                                (no ring)

@: no status effects
A: almost no armour, stealthy swim, amphibious, 8 rings, constrict 8, camouflage
1, gelatinous body 1
a: no special abilities


You were on level 2 of the Dungeon.
You were not hungry.

You visited 1 branch of the dungeon, and saw 3 of its levels.

You collected 78 gold pieces.

Inventory:

Hand Weapons
 a - a +2 dagger (weapon)
 b - a +0 blowgun
Missiles
 c - 26 poisoned needles
 d - 2 curare-tipped needles
 k - 2 tomahawks (quivered)
 m - 6 needles of sleeping
Jewellery
 l - a ring of protection from cold (left tentacle)
Scrolls
 h - a scroll of teleportation
 o - a scroll of magic mapping
 p - a scroll of remove curse
Comestibles
 f - a bread ration
 i - a royal jelly
 n - 2 meat rations
 q - a fruit


   Skills:
 + Level 2.0 Fighting
 * Level 3.4 Short Blades
 + Level 2.1 Throwing
 + Level 1.2 Dodging
 + Level 7.1 Stealth


You had 3 spell levels left.
You didn't know any spells.

Dungeon Overview and Level Annotations

Branches:
Dungeon (3/15)

Altars:
Dithmenos
Okawaru
Vehumet


Innate Abilities, Weirdness & Mutations

You cannot wear most types of armour.
You are very stealthy in the water. (Stealth+)
You are amphibious.
You can wear up to eight rings at the same time.
You can use your tentacles to constrict eight enemies at once.
Your skin changes colour to match your surroundings (Stealth+).
Your rubbery body absorbs attacks. (AC +1, EV +1)


Message History

You feel better.
You constrict the orc priest, but do no damage.
The orc priest barely misses you. The orc barely misses you.
The orc completely misses you.
You hit the orc priest.
The orc priest is almost dead.
You constrict the orc priest, but do no damage.
The orc priest barely misses you. The orc barely misses you.
The orc closely misses you.
You hit the orc priest.
You kill the orc priest!
Your Stealth skill increases to level 7!
The orc misses you. The orc barely misses you.
The orc hits you but does no damage. The orc barely misses you.
The orc hits you with a whip.
* * * LOW HITPOINT WARNING * * *
You closely miss the orc. You grab the orc. You squeeze the orc.
The orc is moderately wounded.
You constrict the orc. The orc hits you.
You die...

#.......#.......##.# #8...
#.##..#...#.###.##.# #...
####.##..##.##.# #.##.#
##.#
.....##..##.##.###.##.#
##'#
#######(.##.##.#......#
#≈.. #..##...........# ##'#
#..#####.###.#### ##.#
#..#####.###.###########...
#.>.....oo@...........#8...
#).......###############...
########## ##_# ###


You could see 2 orcs.

Vanquished Creatures
  An orc priest (D:2)
  4 adders (D:2)
  2 dart slugs (D:1)
  3 leopard geckos
  A ball python (D:2)
  3 giant cockroaches
  2 goblins (D:1)
  2 hobgoblins
  3 jackals (D:1)
  8 kobolds
  4 bats
  5 frilled lizards
  5 rats
43 creatures vanquished.

Notes
Turn   | Place    | Note
-------+----------+-------------------------------------------
     0 | D:1      | Aksej the Octopode Assassin began the quest for the Orb.
     0 | D:1      | Reached XP level 1. HP: 14/14 MP: 1/1
    93 | D:1      | Reached XP level 2. HP: 18/19 MP: 2/2
   597 | D:1      | Reached skill level 6 in Stealth
   664 | D:1      | Reached XP level 3. HP: 19/24 MP: 3/3
  1275 | D:2      | Found a shadowy altar of Dithmenos.
  1309 | D:2      | Reached XP level 4. HP: 17/29 MP: 4/4
  1960 | D:2      | Found an iron altar of Okawaru.
  1975 | D:2      | Found a radiant altar of Vehumet.
  2136 | D:2      | HP: 1/29 [orc/whip (6)]
  2139 | D:2      | Reached skill level 7 in Stealth
  2141 | D:2      | HP: 1/29 [orc/whip (6)]
  2148 | D:2      | Slain by an orc

Vault maps used:
D:1:      dpeg_arrival_arbitrary_a
D:2:      amethyst_overflow_temple_binary, lemuel_round_altar,
          small_statue_intersection
D:3:      eat_drink_and_be_merry_uskayaw, hangedman_ru_absence

Skill      XL: |  1  2  3  4 |
---------------+-------------+-----
Stealth        | 6 7 |  7.1
Short Blades   | 3 |  3.4
Fighting       | |  2.0
Throwing       | |  2.1
Dodging        | |  1.2

Action                   |  1- 3 |  4- 6 || total
-------------------------+-------+-------++-------
Melee: Dagger            |    69 |    27 ||    96
       Constrict         |    13 |     7 ||    20
       Tentacles         |    12 |     2 ||    14
  Use: Scroll            |     6 |     1 ||     7
       Potion            |       |     1 ||     1
 Stab: Sleeping          |    16 |     4 ||    20
  Eat: Chunk             |     1 |     3 ||     4
Armor: Skin              |     2 |     4 ||     6
Dodge: Dodged            |    31 |    25 ||    56
